Workbook

Sheet PROJETS 22-23
D1: DETAILS PROJETS | G1: REFERENTS | J1: ELEVES | L1: CALENDRIER | P1: LIEUX | T1: INTERVENANT | Y1: LOGISTIQUE | AA1: BUDGET | AT1: Conseil pédagogique 07/06/22
A2: A FAIRE | B2: N° | C2: Type projet | D2: TITRE | E2: Descriptif synthétique du projet | F2: Arguments pédagogique et artistique | G2: Porteur du projet | H2: Nom du référent au conseil pédagogique | I2: Autre(s) professeur(s) impliqué(s) | J2: Classe(s) concernée(s) | K2: Nb approximatif d'élèves | L2: Date retenue | M2: Période/date visée | N2: INDEX | O2: Heure spectacle | P2: Lieu retenu | Q2: Lieu souhaité | R2: commentaires | S2: Partenariat | T2: Nom(s) intervenant(s) | U2: Profession(s) intervenant(s) | V2: Fonction(s) intervenant(s), dans le cadre de ce projet. | W2: Coordonnées intervenant(s) | X2: Nombre d'heures d’intervention à rémunérer | Y2: Besoins techniques | Z2: Liste des instruments | AA2: Dépenses envisagées (estimation) | AB2: VACATION A | AC2: VACATION B | AD2: GUSO | AE2: DRH - SDE | AF2: MASTERCLASS | AG2: TOTAL DEPENSE RH | AH2: factures | AI2: achat partitions | AJ2: loc immo (salles) | AK2: location mobilière (instruments, partition) | AL2: transport (bus) | AM2: sécurité - vigipirate | AN2: annonces et insertions | AO2: conception artistique | AP2: cat & imprimés | AQ2: achat tissus (danse) | AR2: TOTAL DEPENSES CRR | AS2: TOTAL PROJET (DRH +CRR) | AT2: Validation | AU2: avis conseil pédagogique
B3: 3 | C3: Projet Spé | D3: projet 1 | L3: 44994 | M3: Mars 2022 | N3: =IF(Tableau2[[#This Row],[Date retenue]]<>"",Tableau2[[#This Row],[Date retenue]]&"-"&COUNTIF($L$2:$L3,Tableau2[[#This Row],[Date retenue]]),"") -> 44994-1
B4: 4 | C4: Projet Spé | D4: projet 2 | L4: 44909 | M4: Décembre 2022-Janvier 2023 | N4: =IF(Tableau2[[#This Row],[Date retenue]]<>"",Tableau2[[#This Row],[Date retenue]]&"-"&COUNTIF($L$2:$L4,Tableau2[[#This Row],[Date retenue]]),"") -> 44909-1
B5: 5 | C5: Projet Spé | D5: projet 3 | L5: 44840 | M5: septembre/octobre 2022 | N5: =IF(Tableau2[[#This Row],[Date retenue]]<>"",Tableau2[[#This Row],[Date retenue]]&"-"&COUNTIF($L$2:$L5,Tableau2[[#This Row],[Date retenue]]),"") -> 44840-1
B6: 6 | C6: Projet Spé | D6: CONCERT DE TROMPETTE | L6: 45079 | M6: Mars /avril 2023 | N6: =IF(Tableau2[[#This Row],[Date retenue]]<>"",Tableau2[[#This Row],[Date retenue]]&"-"&COUNTIF($L$2:$L6,Tableau2[[#This Row],[Date retenue]]),"") -> 45079-1
B7: 7 | C7: Projet Spé | D7: projet 5 | L7: 45002 | M7: Mars ou avril 2023 | N7: =IF(Tableau2[[#This Row],[Date retenue]]<>"",Tableau2[[#This Row],[Date retenue]]&"-"&COUNTIF($L$2:$L7,Tableau2[[#This Row],[Date retenue]]),"") -> 45002-1
B8: 8 | C8: Projet Spé | D8: RECITAL DE PIANO | L8: 45079 | M8: 28-29-30-(répétitions) - 1er octobre concert(s) | N8: =IF(Tableau2[[#This Row],[Date retenue]]<>"",Tableau2[[#This Row],[Date retenue]]&"-"&COUNTIF($L$2:$L8,Tableau2[[#This Row],[Date retenue]]),"") -> 45079-2
B9: 9 | C9: Projet Spé | D9: projet 7 | L9: 44882 | M9: Dernier Trimestre 2022 | N9: =IF(Tableau2[[#This Row],[Date retenue]]<>"",Tableau2[[#This Row],[Date retenue]]&"-"&COUNTIF($L$2:$L9,Tableau2[[#This Row],[Date retenue]]),"") -> 44882-1
B10: 10 | C10: Projet Spé | D10: projet 8 | L10: 45048 | M10: Mai 2023 avec quelques dates en début d’année à définir plus tard | N10: =IF(Tableau2[[#This Row],[Date retenue]]<>"",Tableau2[[#This Row],[Date retenue]]&"-"&COUNTIF($L$2:$L10,Tableau2[[#This Row],[Date retenue]]),"") -> 45048-1
B11: 11 | C11: Projet Spé | D11: projet 9 | L11: 45093 | M11: 15-30 juin 2023 | N11: =IF(Tableau2[[#This Row],[Date retenue]]<>"",Tableau2[[#This Row],[Date retenue]]&"-"&COUNTIF($L$2:$L11,Tableau2[[#This Row],[Date retenue]]),"") -> 45093-1
B12: 12 | C12: Projet Spé | D12: projet 10 | L12: 45024 | M12: mars avril 2023 | N12: =IF(Tableau2[[#This Row],[Date retenue]]<>"",Tableau2[[#This Row],[Date retenue]]&"-"&COUNTIF($L$2:$L12,Tableau2[[#This Row],[Date retenue]]),"") -> 45024-1
B13: 13 | C13: Projet Spé | D13: projet 11 | L13: 45031 | M13: Une déambulation fin Mars début avril, un concert le 15 Avril après midi et le spectacle au mois de juin 2023. | N13: =IF(Tableau2[[#This Row],[Date retenue]]<>"",Tableau2[[#This Row],[Date retenue]]&"-"&COUNTIF($L$2:$L13,Tableau2[[#This Row],[Date retenue]]),"") -> 45031-1
B14: 14 | C14: Projet Spé | D14: projet 12 | L14: 44927 | M14: janvier-Février 2023 | N14: =IF(Tableau2[[#This Row],[Date retenue]]<>"",Tableau2[[#This Row],[Date retenue]]&"-"&COUNTIF($L$2:$L14,Tableau2[[#This Row],[Date retenue]]),"") -> 44927-1
... B17: 17 | C17: Projet Spé | D17: projet 15 | L17: 45010 | M17: Un samedi en Mars 2023 (11, 18 ou 25) | N17: =IF(Tableau2[[#This Row],[Date retenue]]<>"",Tableau2[[#This Row],[Date retenue]]&"-"&COUNTIF($L$2:$L17,Tableau2[[#This Row],[Date retenue]]),"") -> 45010-1
B18: 18 | C18: Projet Spé | D18: projet 16 | L18: 26/11/2022 | M18: 26/11/22 | N18: =IF(Tableau2[[#This Row],[Date retenue]]<>"",Tableau2[[#This Row],[Date retenue]]&"-"&COUNTIF($L$2:$L18,Tableau2[[#This Row],[Date retenue]]),"") -> 26/11/2022-1
B19: 19 | C19: Projet Spé | D19: projet 17 | L19: 44959 | M19: 2/02 | N19: =IF(Tableau2[[#This Row],[Date retenue]]<>"",Tableau2[[#This Row],[Date retenue]]&"-"&COUNTIF($L$2:$L19,Tableau2[[#This Row],[Date retenue]]),"") -> 44959-1
B20: 20 | C20: Projet Spé | D20: projet 18 | L20: 45108 | M20: fin juin/début juillet | N20: =IF(Tableau2[[#This Row],[Date retenue]]<>"",Tableau2[[#This Row],[Date retenue]]&"-"&COUNTIF($L$2:$L20,Tableau2[[#This Row],[Date retenue]]),"") -> 45108-1
B21: 21 | C21: Projet Spé | D21: projet 19 | M21: fin mai-début juin23 | N21: =IF(Tableau2[[#This Row],[Date retenue]]<>"",Tableau2[[#This Row],[Date retenue]]&"-"&COUNTIF($L$2:$L21,Tableau2[[#This Row],[Date retenue]]),"")
B22: 22 | C22: Projet Spé | D22: projet 20 | L22: 44909 | M22: mi-décembre22 | N22: =IF(Tableau2[[#This Row],[Date retenue]]<>"",Tableau2[[#This Row],[Date retenue]]&"-"&COUNTIF($L$2:$L22,Tableau2[[#This Row],[Date retenue]]),"") -> 44909-2
B23: 23 | C23: Projet Spé | D23: projet 21 | L23: 45028 | M23: début avril 23 | N23: =IF(Tableau2[[#This Row],[Date retenue]]<>"",Tableau2[[#This Row],[Date retenue]]&"-"&COUNTIF($L$2:$L23,Tableau2[[#This Row],[Date retenue]]),"") -> 45028-1
B24: 24 | C24: Projet Spé | D24: projet 22 | L24: 45101 | M24: mi juin 23 | N24: =IF(Tableau2[[#This Row],[Date retenue]]<>"",Tableau2[[#This Row],[Date retenue]]&"-"&COUNTIF($L$2:$L24,Tableau2[[#This Row],[Date retenue]]),"") -> 45101-1
B25: 25 | C25: Projet Spé | D25: projet 23 | L25: 45076 | M25: Avril (2 semaines après les vacances) à juillet | N25: =IF(Tableau2[[#This Row],[Date retenue]]<>"",Tableau2[[#This Row],[Date retenue]]&"-"&COUNTIF($L$2:$L25,Tableau2[[#This Row],[Date retenue]]),"") -> 45076-1
B26: 26 | C26: Projet Spé | D26: projet 24 | L26: 45008 | M26: Printemps | N26: =IF(Tableau2[[#This Row],[Date retenue]]<>"",Tableau2[[#This Row],[Date retenue]]&"-"&COUNTIF($L$2:$L26,Tableau2[[#This Row],[Date retenue]]),"") -> 45008-1
B27: 27 | C27: Projet Spé | D27: projet 25 | L27: 44945 | M27: Juste avant vacances de noël ou janvier fevrier | N27: =IF(Tableau2[[#This Row],[Date retenue]]<>"",Tableau2[[#This Row],[Date retenue]]&"-"&COUNTIF($L$2:$L27,Tableau2[[#This Row],[Date retenue]]),"") -> 44945-1
B28: 28 | C28: Projet Spé | D28: projet 26 | L28: 45079 | M28: Nuit des conservatoires/ semaine examens du 30 Mai au 4 juin 2023 | N28: =IF(Tableau2[[#This Row],[Date retenue]]<>"",Tableau2[[#This Row],[Date retenue]]&"-"&COUNTIF($L$2:$L28,Tableau2[[#This Row],[Date retenue]]),"") -> 45079-3
B29: 29 | C29: Projet Spé | D29: projet 27 | M29: Octobre/ Novembre et Janvier/Février | N29: =IF(Tableau2[[#This Row],[Date retenue]]<>"",Tableau2[[#This Row],[Date retenue]]&"-"&COUNTIF($L$2:$L29,Tableau2[[#This Row],[Date retenue]]),"")
B30: 30 | C30: Projet Spé | D30: projet 28 | M30: Juin 2023 | N30: =IF(Tableau2[[#This Row],[Date retenue]]<>"",Tableau2[[#This Row],[Date retenue]]&"-"&COUNTIF($L$2:$L30,Tableau2[[#This Row],[Date retenue]]),"")
B31: 31 | C31: Projet Spé | D31: projet 29 | L31: 44887 | M31: Jeudi 24 Novembre où Vendredi 25 novembre ou Mardi 22 novembre | N31: =IF(Tableau2[[#This Row],[Date retenue]]<>"",Tableau2[[#This Row],[Date retenue]]&"-"&COUNTIF($L$2:$L31,Tableau2[[#This Row],[Date retenue]]),"") -> 44887-1
B32: 32 | C32: Projet Spé | D32: projet 30 | L32: 44943 | M32: Janvier 2023 | N32: =IF(Tableau2[[#This Row],[Date retenue]]<>"",Tableau2[[#This Row],[Date retenue]]&"-"&COUNTIF($L$2:$L32,Tableau2[[#This Row],[Date retenue]]),"") -> 44943-1
B33: 33 | C33: Projet Spé | D33: projet 31 | L33: 45022 | M33: avril-juin 2023 | N33: =IF(Tableau2[[#This Row],[Date retenue]]<>"",Tableau2[[#This Row],[Date retenue]]&"-"&COUNTIF($L$2:$L33,Tableau2[[#This Row],[Date retenue]]),"") -> 45022-1
B34: 34 | C34: Projet Spé | D34: projet 32 | L34: 45104 | M34: Juin 2023 | N34: =IF(Tableau2[[#This Row],[Date retenue]]<>"",Tableau2[[#This Row],[Date retenue]]&"-"&COUNTIF($L$2:$L34,Tableau2[[#This Row],[Date retenue]]),"") -> 45104-1
B35: 35 | C35: Projet Spé | D35: projet 33 | L35: 45057 | M35: 6-9 décembre 2022 / 9-12 mai 2023 Concert 11 mai à Tours | N35: =IF(Tableau2[[#This Row],[Date retenue]]<>"",Tableau2[[#This Row],[Date retenue]]&"-"&COUNTIF($L$2:$L35,Tableau2[[#This Row],[Date retenue]]),"") -> 45057-1
B36: 36 | C36: Projet Spé | D36: projet 34 | L36: 44950 | M36: septembre à janvier | N36: =IF(Tableau2[[#This Row],[Date retenue]]<>"",Tableau2[[#This Row],[Date retenue]]&"-"&COUNTIF($L$2:$L36,Tableau2[[#This Row],[Date retenue]]),"") -> 44950-1
B37: 37 | C37: Projet Spé | D37: projet 35 | L37: 45061 | M37: 15 et 16 mai 2023 | N37: =IF(Tableau2[[#This Row],[Date retenue]]<>"",Tableau2[[#This Row],[Date retenue]]&"-"&COUNTIF($L$2:$L37,Tableau2[[#This Row],[Date retenue]]),"") -> 45061-1
B38: 38 | C38: Projet Spé | D38: projet 36 | M38: mars, mai et juin 2023, avec possible représentation en juin 2023 au sein de la Semaine de la Danse : les jeudis 16/03, 23/03, 30/03, 25/05, 01/06 et 08/06 de 16h à 18h ainsi que deux samedis de 10h à 17h (pause de 13h à 14h) les 25/03 et 03/06 | N38: =IF(Tableau2[[#This Row],[Date retenue]]<>"",Tableau2[[#This Row],[Date retenue]]&"-"&COUNTIF($L$2:$L38,Tableau2[[#This Row],[Date retenue]]),"")
B39: 39 | C39: Projet Spé | D39: projet 37 | L39: 45097 | M39: mi-juin 2023 | N39: =IF(Tableau2[[#This Row],[Date retenue]]<>"",Tableau2[[#This Row],[Date retenue]]&"-"&COUNTIF($L$2:$L39,Tableau2[[#This Row],[Date retenue]]),"") -> 45097-1
B40: 40 | C40: Projet Spé | D40: projet 38 | L40: 44957 | M40: avant les vacances de février 2023 (fin janvier-début février) | N40: =IF(Tableau2[[#This Row],[Date retenue]]<>"",Tableau2[[#This Row],[Date retenue]]&"-"&COUNTIF($L$2:$L40,Tableau2[[#This Row],[Date retenue]]),"") -> 44957-1
B41: 41 | C41: Projet Spé | D41: projet 39 | L41: 45080 | M41: Premier weekend du mois de juin à confirmer (3 juin à confirmer) | N41: =IF(Tableau2[[#This Row],[Date retenue]]<>"",Tableau2[[#This Row],[Date retenue]]&"-"&COUNTIF($L$2:$L41,Tableau2[[#This Row],[Date retenue]]),"") -> 45080-1
B42: 42 | C42: Projet Spé | D42: projet 40 | L42: 44897 | M42: Du 5 au 10 décembre 2022 | N42: =IF(Tableau2[[#This Row],[Date retenue]]<>"",Tableau2[[#This Row],[Date retenue]]&"-"&COUNTIF($L$2:$L42,Tableau2[[#This Row],[Date retenue]]),"") -> 44897-1
B43: 43 | C43: Projet Spé | D43: projet 41 | L43: 44894 | M43: l'exposition Boucher est du 4/11/22 au 30/01/23 | N43: =IF(Tableau2[[#This Row],[Date retenue]]<>"",Tableau2[[#This Row],[Date retenue]]&"-"&COUNTIF($L$2:$L43,Tableau2[[#This Row],[Date retenue]]),"") -> 44894-1
B44: 44 | C44: Projet Spé | D44: projet 42 | L44: 44849 | M44: 15 octobre 2022 | N44: =IF(Tableau2[[#This Row],[Date retenue]]<>"",Tableau2[[#This Row],[Date retenue]]&"-"&COUNTIF($L$2:$L44,Tableau2[[#This Row],[Date retenue]]),"") -> 44849-1
B45: 45 | C45: Projet Spé | D45: projet 43 | L45: 45088 | M45: Dimanche 11 juin 2023 | N45: =IF(Tableau2[[#This Row],[Date retenue]]<>"",Tableau2[[#This Row],[Date retenue]]&"-"&COUNTIF($L$2:$L45,Tableau2[[#This Row],[Date retenue]]),"") -> 45088-1
B46: 46 | C46: Projet Spé | D46: projet 44 | L46: 44842 | M46: 8 Octobre 2022 | N46: =IF(Tableau2[[#This Row],[Date retenue]]<>"",Tableau2[[#This Row],[Date retenue]]&"-"&COUNTIF($L$2:$L46,Tableau2[[#This Row],[Date retenue]]),"") -> 44842-1
B47: 47 | C47: Projet Spé | D47: projet 45 | L47: 44961 | M47: samedi 4 février 2023 | N47: =IF(Tableau2[[#This Row],[Date retenue]]<>"",Tableau2[[#This Row],[Date retenue]]&"-"&COUNTIF($L$2:$L47,Tableau2[[#This Row],[Date retenue]]),"") -> 44961-1
B48: 48 | C48: Projet Spé | D48: projet 46 | L48: 45022 | M48: Période de travail de septembre à Mai. Période de restitution à partir d’avant les vacances d’avril | N48: =IF(Tableau2[[#This Row],[Date retenue]]<>"",Tableau2[[#This Row],[Date retenue]]&"-"&COUNTIF($L$2:$L48,Tableau2[[#This Row],[Date retenue]]),"") -> 45022-2
B49: 49 | C49: Projet Spé | D49: projet 47 | L49: 44966 | M49: Période de travail de septembre à janvier. 3 Week end de travail : Samedi 1er octobre : 10h/12h Samedi 26 novembre : 14h/18h Samedi 21 janvier : 14h/18h - Période de restitution de fin janvier (nuit du Conservatoire ?) à début février (scolaire ? + partenariat culturel ?) | N49: =IF(Tableau2[[#This Row],[Date retenue]]<>"",Tableau2[[#This Row],[Date retenue]]&"-"&COUNTIF($L$2:$L49,Tableau2[[#This Row],[Date retenue]]),"") -> 44966-1
B50: 50 | C50: Projet Spé | D50: projet 48 | L50: 45013 | M50: courant mars 2023 | N50: =IF(Tableau2[[#This Row],[Date retenue]]<>"",Tableau2[[#This Row],[Date retenue]]&"-"&COUNTIF($L$2:$L50,Tableau2[[#This Row],[Date retenue]]),"") -> 45013-1
B51: 51 | C51: Projet Spé | D51: projet 49 | M51: à voir avec le GTT | N51: =IF(Tableau2[[#This Row],[Date retenue]]<>"",Tableau2[[#This Row],[Date retenue]]&"-"&COUNTIF($L$2:$L51,Tableau2[[#This Row],[Date retenue]]),"")
B52: 52 | C52: Projet Spé | D52: projet 50 | L52: 44950 | M52: dernier vendredi de janvier | N52: =IF(Tableau2[[#This Row],[Date retenue]]<>"",Tableau2[[#This Row],[Date retenue]]&"-"&COUNTIF($L$2:$L52,Tableau2[[#This Row],[Date retenue]]),"") -> 44950-2
AA53: budget dépensé (prévisionnel) | AB53: =SUM(AB3:AB52) -> 0 | AC53: =SUM(AC3:AC52) -> 0 | AD53: =SUM(AD3:AD52) -> 0 | AE53: =SUM(AE3:AE52) -> 0 | AF53: =SUM(AF3:AF52) -> 0 | AG53: =SUM(AG3:AG52) -> 0 | AH53: =SUM(AH3:AH52) -> 0 | AI53: =SUM(AI3:AI52) -> 0 | ... AS53: =SUM(AS3:AS52) -> 0 | AT53: budget dépensé (prévisionnel)
AA55: budget voté | AT55: budget voté
AA57: budget restant | AD57: =ABS(AD53-AD55) -> 0 | AE57: =ABS(AE53-AE55) -> 0 | AF57: =ABS(AF53-AF55) -> 0 | AG57: =ABS(AG53-AG55) -> 0 | AH57: =ABS(AH53-AH55) -> 0 | AI57: =ABS(AI53-AI55) -> 0 | AJ57: =ABS(AJ53-AJ55) -> 0 | AK57: =ABS(AK53-AK55) -> 0 | ... AS57: =ABS(AS53-AS55) -> 0 | AT57: budget restant

Sheet PLANNING
D1: 1 | E1: 2 | F1: 3
A2: SEPTEMBRE | B2: Jeudi | C2: 44805 | D2: =IFERROR(INDEX('PROJETS 22-23'!$D:$D,MATCH($C2&"-"&D$1,'PROJETS 22-23'!$N:$N,0)),"") | E2: =IFERROR(INDEX('PROJETS 22-23'!$D:$D,MATCH($C2&"-"&E$1,'PROJETS 22-23'!$N:$N,0)),"") | F2: =IFERROR(INDEX('PROJETS 22-23'!$D:$D,MATCH($C2&"-"&F$1,'PROJETS 22-23'!$N:$N,0)),"")
B3: vendredi | C3: =C2+1 -> 44806 | D3: =IFERROR(INDEX('PROJETS 22-23'!$D:$D,MATCH($C3&"-"&D$1,'PROJETS 22-23'!$N:$N,0)),"") | E3: =IFERROR(INDEX('PROJETS 22-23'!$D:$D,MATCH($C3&"-"&E$1,'PROJETS 22-23'!$N:$N,0)),"") | F3: =IFERROR(INDEX('PROJETS 22-23'!$D:$D,MATCH($C3&"-"&F$1,'PROJETS 22-23'!$N:$N,0)),"")
B4: samedi | C4: =C3+1 -> 44807 | D4: =IFERROR(INDEX('PROJETS 22-23'!$D:$D,MATCH($C4&"-"&D$1,'PROJETS 22-23'!$N:$N,0)),"") | E4: =IFERROR(INDEX('PROJETS 22-23'!$D:$D,MATCH($C4&"-"&E$1,'PROJETS 22-23'!$N:$N,0)),"") | F4: =IFERROR(INDEX('PROJETS 22-23'!$D:$D,MATCH($C4&"-"&F$1,'PROJETS 22-23'!$N:$N,0)),"")
B5: dimanche | C5: =C4+1 -> 44808 | D5: =IFERROR(INDEX('PROJETS 22-23'!$D:$D,MATCH($C5&"-"&D$1,'PROJETS 22-23'!$N:$N,0)),"") | E5: =IFERROR(INDEX('PROJETS 22-23'!$D:$D,MATCH($C5&"-"&E$1,'PROJETS 22-23'!$N:$N,0)),"") | F5: =IFERROR(INDEX('PROJETS 22-23'!$D:$D,MATCH($C5&"-"&F$1,'PROJETS 22-23'!$N:$N,0)),"")
B6: Lundi | C6: =C5+1 -> 44809 | D6: =IFERROR(INDEX('PROJETS 22-23'!$D:$D,MATCH($C6&"-"&D$1,'PROJETS 22-23'!$N:$N,0)),"") | E6: =IFERROR(INDEX('PROJETS 22-23'!$D:$D,MATCH($C6&"-"&E$1,'PROJETS 22-23'!$N:$N,0)),"") | F6: =IFERROR(INDEX('PROJETS 22-23'!$D:$D,MATCH($C6&"-"&F$1,'PROJETS 22-23'!$N:$N,0)),"")
B7: Mardi | C7: =C6+1 -> 44810 | D7: =IFERROR(INDEX('PROJETS 22-23'!$D:$D,MATCH($C7&"-"&D$1,'PROJETS 22-23'!$N:$N,0)),"") | E7: =IFERROR(INDEX('PROJETS 22-23'!$D:$D,MATCH($C7&"-"&E$1,'PROJETS 22-23'!$N:$N,0)),"") | F7: =IFERROR(INDEX('PROJETS 22-23'!$D:$D,MATCH($C7&"-"&F$1,'PROJETS 22-23'!$N:$N,0)),"")
B8: Mercredi | C8: =C7+1 -> 44811 | D8: =IFERROR(INDEX('PROJETS 22-23'!$D:$D,MATCH($C8&"-"&D$1,'PROJETS 22-23'!$N:$N,0)),"") | E8: =IFERROR(INDEX('PROJETS 22-23'!$D:$D,MATCH($C8&"-"&E$1,'PROJETS 22-23'!$N:$N,0)),"") | F8: =IFERROR(INDEX('PROJETS 22-23'!$D:$D,MATCH($C8&"-"&F$1,'PROJETS 22-23'!$N:$N,0)),"")
B9: Jeudi | C9: =C8+1 -> 44812 | D9: =IFERROR(INDEX('PROJETS 22-23'!$D:$D,MATCH($C9&"-"&D$1,'PROJETS 22-23'!$N:$N,0)),"") | E9: =IFERROR(INDEX('PROJETS 22-23'!$D:$D,MATCH($C9&"-"&E$1,'PROJETS 22-23'!$N:$N,0)),"") | F9: =IFERROR(INDEX('PROJETS 22-23'!$D:$D,MATCH($C9&"-"&F$1,'PROJETS 22-23'!$N:$N,0)),"")
B10: Vendredi | C10: =C9+1 -> 44813 | D10: =IFERROR(INDEX('PROJETS 22-23'!$D:$D,MATCH($C10&"-"&D$1,'PROJETS 22-23'!$N:$N,0)),"") | E10: =IFERROR(INDEX('PROJETS 22-23'!$D:$D,MATCH($C10&"-"&E$1,'PROJETS 22-23'!$N:$N,0)),"") | F10: =IFERROR(INDEX('PROJETS 22-23'!$D:$D,MATCH($C10&"-"&F$1,'PROJETS 22-23'!$N:$N,0)),"")
B11: Samedi | C11: =C10+1 -> 44814 | D11: =IFERROR(INDEX('PROJETS 22-23'!$D:$D,MATCH($C11&"-"&D$1,'PROJETS 22-23'!$N:$N,0)),"") | E11: =IFERROR(INDEX('PROJETS 22-23'!$D:$D,MATCH($C11&"-"&E$1,'PROJETS 22-23'!$N:$N,0)),"") | F11: =IFERROR(INDEX('PROJETS 22-23'!$D:$D,MATCH($C11&"-"&F$1,'PROJETS 22-23'!$N:$N,0)),"")
B12: Dimanche | C12: =C11+1 -> 44815 | D12: =IFERROR(INDEX('PROJETS 22-23'!$D:$D,MATCH($C12&"-"&D$1,'PROJETS 22-23'!$N:$N,0)),"") | E12: =IFERROR(INDEX('PROJETS 22-23'!$D:$D,MATCH($C12&"-"&E$1,'PROJETS 22-23'!$N:$N,0)),"") | F12: =IFERROR(INDEX('PROJETS 22-23'!$D:$D,MATCH($C12&"-"&F$1,'PROJETS 22-23'!$N:$N,0)),"")
B13: Lundi | C13: =C12+1 -> 44816 | D13: =IFERROR(INDEX('PROJETS 22-23'!$D:$D,MATCH($C13&"-"&D$1,'PROJETS 22-23'!$N:$N,0)),"") | E13: =IFERROR(INDEX('PROJETS 22-23'!$D:$D,MATCH($C13&"-"&E$1,'PROJETS 22-23'!$N:$N,0)),"") | F13: =IFERROR(INDEX('PROJETS 22-23'!$D:$D,MATCH($C13&"-"&F$1,'PROJETS 22-23'!$N:$N,0)),"")
B14: Mardi | C14: =C13+1 -> 44817 | D14: =IFERROR(INDEX('PROJETS 22-23'!$D:$D,MATCH($C14&"-"&D$1,'PROJETS 22-23'!$N:$N,0)),"") | E14: =IFERROR(INDEX('PROJETS 22-23'!$D:$D,MATCH($C14&"-"&E$1,'PROJETS 22-23'!$N:$N,0)),"") | F14: =IFERROR(INDEX('PROJETS 22-23'!$D:$D,MATCH($C14&"-"&F$1,'PROJETS 22-23'!$N:$N,0)),"")
... B31: Vendredi | C31: =C30+1 -> 44834 | D31: =IFERROR(INDEX('PROJETS 22-23'!$D:$D,MATCH($C31&"-"&D$1,'PROJETS 22-23'!$N:$N,0)),"") | E31: =IFERROR(INDEX('PROJETS 22-23'!$D:$D,MATCH($C31&"-"&E$1,'PROJETS 22-23'!$N:$N,0)),"") | F31: =IFERROR(INDEX('PROJETS 22-23'!$D:$D,MATCH($C31&"-"&F$1,'PROJETS 22-23'!$N:$N,0)),"")
A32: OCTOBRE | B32: Samedi | C32: =C31+1 -> 44835 | D32: =IFERROR(INDEX('PROJETS 22-23'!$D:$D,MATCH($C32&"-"&D$1,'PROJETS 22-23'!$N:$N,0)),"") | E32: =IFERROR(INDEX('PROJETS 22-23'!$D:$D,MATCH($C32&"-"&E$1,'PROJETS 22-23'!$N:$N,0)),"") | F32: =IFERROR(INDEX('PROJETS 22-23'!$D:$D,MATCH($C32&"-"&F$1,'PROJETS 22-23'!$N:$N,0)),"")
B33: Dimanche | C33: =C32+1 -> 44836 | D33: =IFERROR(INDEX('PROJETS 22-23'!$D:$D,MATCH($C33&"-"&D$1,'PROJETS 22-23'!$N:$N,0)),"") | E33: =IFERROR(INDEX('PROJETS 22-23'!$D:$D,MATCH($C33&"-"&E$1,'PROJETS 22-23'!$N:$N,0)),"") | F33: =IFERROR(INDEX('PROJETS 22-23'!$D:$D,MATCH($C33&"-"&F$1,'PROJETS 22-23'!$N:$N,0)),"")
B34: Lundi | C34: =C33+1 -> 44837 | D34: =IFERROR(INDEX('PROJETS 22-23'!$D:$D,MATCH($C34&"-"&D$1,'PROJETS 22-23'!$N:$N,0)),"") | E34: =IFERROR(INDEX('PROJETS 22-23'!$D:$D,MATCH($C34&"-"&E$1,'PROJETS 22-23'!$N:$N,0)),"") | F34: =IFERROR(INDEX('PROJETS 22-23'!$D:$D,MATCH($C34&"-"&F$1,'PROJETS 22-23'!$N:$N,0)),"")
B35: Mardi | C35: =C34+1 -> 44838 | D35: =IFERROR(INDEX('PROJETS 22-23'!$D:$D,MATCH($C35&"-"&D$1,'PROJETS 22-23'!$N:$N,0)),"") | E35: =IFERROR(INDEX('PROJETS 22-23'!$D:$D,MATCH($C35&"-"&E$1,'PROJETS 22-23'!$N:$N,0)),"") | F35: =IFERROR(INDEX('PROJETS 22-23'!$D:$D,MATCH($C35&"-"&F$1,'PROJETS 22-23'!$N:$N,0)),"")
B36: Mercredi | C36: =C35+1 -> 44839 | D36: =IFERROR(INDEX('PROJETS 22-23'!$D:$D,MATCH($C36&"-"&D$1,'PROJETS 22-23'!$N:$N,0)),"") | E36: =IFERROR(INDEX('PROJETS 22-23'!$D:$D,MATCH($C36&"-"&E$1,'PROJETS 22-23'!$N:$N,0)),"") | F36: =IFERROR(INDEX('PROJETS 22-23'!$D:$D,MATCH($C36&"-"&F$1,'PROJETS 22-23'!$N:$N,0)),"")
B37: Jeudi | C37: =C36+1 -> 44840 | D37: =IFERROR(INDEX('PROJETS 22-23'!$D:$D,MATCH($C37&"-"&D$1,'PROJETS 22-23'!$N:$N,0)),"") -> projet 3 | E37: =IFERROR(INDEX('PROJETS 22-23'!$D:$D,MATCH($C37&"-"&E$1,'PROJETS 22-23'!$N:$N,0)),"") | F37: =IFERROR(INDEX('PROJETS 22-23'!$D:$D,MATCH($C37&"-"&F$1,'PROJETS 22-23'!$N:$N,0)),"")
B38: Vendredi | C38: =C37+1 -> 44841 | D38: =IFERROR(INDEX('PROJETS 22-23'!$D:$D,MATCH($C38&"-"&D$1,'PROJETS 22-23'!$N:$N,0)),"") | E38: =IFERROR(INDEX('PROJETS 22-23'!$D:$D,MATCH($C38&"-"&E$1,'PROJETS 22-23'!$N:$N,0)),"") | F38: =IFERROR(INDEX('PROJETS 22-23'!$D:$D,MATCH($C38&"-"&F$1,'PROJETS 22-23'!$N:$N,0)),"")
B39: Samedi | C39: =C38+1 -> 44842 | D39: =IFERROR(INDEX('PROJETS 22-23'!$D:$D,MATCH($C39&"-"&D$1,'PROJETS 22-23'!$N:$N,0)),"") -> projet 44 | E39: =IFERROR(INDEX('PROJETS 22-23'!$D:$D,MATCH($C39&"-"&E$1,'PROJETS 22-23'!$N:$N,0)),"") | F39: =IFERROR(INDEX('PROJETS 22-23'!$D:$D,MATCH($C39&"-"&F$1,'PROJETS 22-23'!$N:$N,0)),"")
B40: Dimanche | C40: =C39+1 -> 44843 | D40: =IFERROR(INDEX('PROJETS 22-23'!$D:$D,MATCH($C40&"-"&D$1,'PROJETS 22-23'!$N:$N,0)),"") | E40: =IFERROR(INDEX('PROJETS 22-23'!$D:$D,MATCH($C40&"-"&E$1,'PROJETS 22-23'!$N:$N,0)),"") | F40: =IFERROR(INDEX('PROJETS 22-23'!$D:$D,MATCH($C40&"-"&F$1,'PROJETS 22-23'!$N:$N,0)),"")
B41: Lundi | C41: =C40+1 -> 44844 | D41: =IFERROR(INDEX('PROJETS 22-23'!$D:$D,MATCH($C41&"-"&D$1,'PROJETS 22-23'!$N:$N,0)),"") | E41: =IFERROR(INDEX('PROJETS 22-23'!$D:$D,MATCH($C41&"-"&E$1,'PROJETS 22-23'!$N:$N,0)),"") | F41: =IFERROR(INDEX('PROJETS 22-23'!$D:$D,MATCH($C41&"-"&F$1,'PROJETS 22-23'!$N:$N,0)),"")
B42: Mardi | C42: =C41+1 -> 44845 | D42: =IFERROR(INDEX('PROJETS 22-23'!$D:$D,MATCH($C42&"-"&D$1,'PROJETS 22-23'!$N:$N,0)),"") | E42: =IFERROR(INDEX('PROJETS 22-23'!$D:$D,MATCH($C42&"-"&E$1,'PROJETS 22-23'!$N:$N,0)),"") | F42: =IFERROR(INDEX('PROJETS 22-23'!$D:$D,MATCH($C42&"-"&F$1,'PROJETS 22-23'!$N:$N,0)),"")
B43: Mercredi | C43: =C42+1 -> 44846 | D43: =IFERROR(INDEX('PROJETS 22-23'!$D:$D,MATCH($C43&"-"&D$1,'PROJETS 22-23'!$N:$N,0)),"") | E43: =IFERROR(INDEX('PROJETS 22-23'!$D:$D,MATCH($C43&"-"&E$1,'PROJETS 22-23'!$N:$N,0)),"") | F43: =IFERROR(INDEX('PROJETS 22-23'!$D:$D,MATCH($C43&"-"&F$1,'PROJETS 22-23'!$N:$N,0)),"")
B44: Jeudi | C44: =C43+1 -> 44847 | D44: =IFERROR(INDEX('PROJETS 22-23'!$D:$D,MATCH($C44&"-"&D$1,'PROJETS 22-23'!$N:$N,0)),"") | E44: =IFERROR(INDEX('PROJETS 22-23'!$D:$D,MATCH($C44&"-"&E$1,'PROJETS 22-23'!$N:$N,0)),"") | F44: =IFERROR(INDEX('PROJETS 22-23'!$D:$D,MATCH($C44&"-"&F$1,'PROJETS 22-23'!$N:$N,0)),"")
... B62: Lundi | C62: =C61+1 -> 44865 | D62: =IFERROR(INDEX('PROJETS 22-23'!$D:$D,MATCH($C62&"-"&D$1,'PROJETS 22-23'!$N:$N,0)),"") | E62: =IFERROR(INDEX('PROJETS 22-23'!$D:$D,MATCH($C62&"-"&E$1,'PROJETS 22-23'!$N:$N,0)),"") | F62: =IFERROR(INDEX('PROJETS 22-23'!$D:$D,MATCH($C62&"-"&F$1,'PROJETS 22-23'!$N:$N,0)),"")
A63: NOVEMBRE | B63: Mardi | C63: =C62+1 -> 44866 | D63: =IFERROR(INDEX('PROJETS 22-23'!$D:$D,MATCH($C63&"-"&D$1,'PROJETS 22-23'!$N:$N,0)),"") | E63: =IFERROR(INDEX('PROJETS 22-23'!$D:$D,MATCH($C63&"-"&E$1,'PROJETS 22-23'!$N:$N,0)),"") | F63: =IFERROR(INDEX('PROJETS 22-23'!$D:$D,MATCH($C63&"-"&F$1,'PROJETS 22-23'!$N:$N,0)),"")
B64: Mercredi | C64: =C63+1 -> 44867 | D64: =IFERROR(INDEX('PROJETS 22-23'!$D:$D,MATCH($C64&"-"&D$1,'PROJETS 22-23'!$N:$N,0)),"") | E64: =IFERROR(INDEX('PROJETS 22-23'!$D:$D,MATCH($C64&"-"&E$1,'PROJETS 22-23'!$N:$N,0)),"") | F64: =IFERROR(INDEX('PROJETS 22-23'!$D:$D,MATCH($C64&"-"&F$1,'PROJETS 22-23'!$N:$N,0)),"")
B65: Jeudi | C65: =C64+1 -> 44868 | D65: =IFERROR(INDEX('PROJETS 22-23'!$D:$D,MATCH($C65&"-"&D$1,'PROJETS 22-23'!$N:$N,0)),"") | E65: =IFERROR(INDEX('PROJETS 22-23'!$D:$D,MATCH($C65&"-"&E$1,'PROJETS 22-23'!$N:$N,0)),"") | F65: =IFERROR(INDEX('PROJETS 22-23'!$D:$D,MATCH($C65&"-"&F$1,'PROJETS 22-23'!$N:$N,0)),"")
B66: Vendredi | C66: =C65+1 -> 44869 | D66: =IFERROR(INDEX('PROJETS 22-23'!$D:$D,MATCH($C66&"-"&D$1,'PROJETS 22-23'!$N:$N,0)),"") | E66: =IFERROR(INDEX('PROJETS 22-23'!$D:$D,MATCH($C66&"-"&E$1,'PROJETS 22-23'!$N:$N,0)),"") | F66: =IFERROR(INDEX('PROJETS 22-23'!$D:$D,MATCH($C66&"-"&F$1,'PROJETS 22-23'!$N:$N,0)),"")
B67: Samedi | C67: =C66+1 -> 44870 | D67: =IFERROR(INDEX('PROJETS 22-23'!$D:$D,MATCH($C67&"-"&D$1,'PROJETS 22-23'!$N:$N,0)),"") | E67: =IFERROR(INDEX('PROJETS 22-23'!$D:$D,MATCH($C67&"-"&E$1,'PROJETS 22-23'!$N:$N,0)),"") | F67: =IFERROR(INDEX('PROJETS 22-23'!$D:$D,MATCH($C67&"-"&F$1,'PROJETS 22-23'!$N:$N,0)),"")
B68: Dimanche | C68: =C67+1 -> 44871 | D68: =IFERROR(INDEX('PROJETS 22-23'!$D:$D,MATCH($C68&"-"&D$1,'PROJETS 22-23'!$N:$N,0)),"") | E68: =IFERROR(INDEX('PROJETS 22-23'!$D:$D,MATCH($C68&"-"&E$1,'PROJETS 22-23'!$N:$N,0)),"") | F68: =IFERROR(INDEX('PROJETS 22-23'!$D:$D,MATCH($C68&"-"&F$1,'PROJETS 22-23'!$N:$N,0)),"")
B69: Lundi | C69: =C68+1 -> 44872 | D69: =IFERROR(INDEX('PROJETS 22-23'!$D:$D,MATCH($C69&"-"&D$1,'PROJETS 22-23'!$N:$N,0)),"") | E69: =IFERROR(INDEX('PROJETS 22-23'!$D:$D,MATCH($C69&"-"&E$1,'PROJETS 22-23'!$N:$N,0)),"") | F69: =IFERROR(INDEX('PROJETS 22-23'!$D:$D,MATCH($C69&"-"&F$1,'PROJETS 22-23'!$N:$N,0)),"")
B70: Mardi | C70: =C69+1 -> 44873 | D70: =IFERROR(INDEX('PROJETS 22-23'!$D:$D,MATCH($C70&"-"&D$1,'PROJETS 22-23'!$N:$N,0)),"") | E70: =IFERROR(INDEX('PROJETS 22-23'!$D:$D,MATCH($C70&"-"&E$1,'PROJETS 22-23'!$N:$N,0)),"") | F70: =IFERROR(INDEX('PROJETS 22-23'!$D:$D,MATCH($C70&"-"&F$1,'PROJETS 22-23'!$N:$N,0)),"")
B71: Mercredi | C71: =C70+1 -> 44874 | D71: =IFERROR(INDEX('PROJETS 22-23'!$D:$D,MATCH($C71&"-"&D$1,'PROJETS 22-23'!$N:$N,0)),"") | E71: =IFERROR(INDEX('PROJETS 22-23'!$D:$D,MATCH($C71&"-"&E$1,'PROJETS 22-23'!$N:$N,0)),"") | F71: =IFERROR(INDEX('PROJETS 22-23'!$D:$D,MATCH($C71&"-"&F$1,'PROJETS 22-23'!$N:$N,0)),"")
B72: Jeudi | C72: =C71+1 -> 44875 | D72: =IFERROR(INDEX('PROJETS 22-23'!$D:$D,MATCH($C72&"-"&D$1,'PROJETS 22-23'!$N:$N,0)),"") | E72: =IFERROR(INDEX('PROJETS 22-23'!$D:$D,MATCH($C72&"-"&E$1,'PROJETS 22-23'!$N:$N,0)),"") | F72: =IFERROR(INDEX('PROJETS 22-23'!$D:$D,MATCH($C72&"-"&F$1,'PROJETS 22-23'!$N:$N,0)),"")
B73: Vendredi | C73: =C72+1 -> 44876 | D73: =IFERROR(INDEX('PROJETS 22-23'!$D:$D,MATCH($C73&"-"&D$1,'PROJETS 22-23'!$N:$N,0)),"") | E73: =IFERROR(INDEX('PROJETS 22-23'!$D:$D,MATCH($C73&"-"&E$1,'PROJETS 22-23'!$N:$N,0)),"") | F73: =IFERROR(INDEX('PROJETS 22-23'!$D:$D,MATCH($C73&"-"&F$1,'PROJETS 22-23'!$N:$N,0)),"")
B74: Samedi | C74: =C73+1 -> 44877 | D74: =IFERROR(INDEX('PROJETS 22-23'!$D:$D,MATCH($C74&"-"&D$1,'PROJETS 22-23'!$N:$N,0)),"") | E74: =IFERROR(INDEX('PROJETS 22-23'!$D:$D,MATCH($C74&"-"&E$1,'PROJETS 22-23'!$N:$N,0)),"") | F74: =IFERROR(INDEX('PROJETS 22-23'!$D:$D,MATCH($C74&"-"&F$1,'PROJETS 22-23'!$N:$N,0)),"")
B75: Dimanche | C75: =C74+1 -> 44878 | D75: =IFERROR(INDEX('PROJETS 22-23'!$D:$D,MATCH($C75&"-"&D$1,'PROJETS 22-23'!$N:$N,0)),"") | E75: =IFERROR(INDEX('PROJETS 22-23'!$D:$D,MATCH($C75&"-"&E$1,'PROJETS 22-23'!$N:$N,0)),"") | F75: =IFERROR(INDEX('PROJETS 22-23'!$D:$D,MATCH($C75&"-"&F$1,'PROJETS 22-23'!$N:$N,0)),"")
... B92: Mercredi | C92: =C91+1 -> 44895 | D92: =IFERROR(INDEX('PROJETS 22-23'!$D:$D,MATCH($C92&"-"&D$1,'PROJETS 22-23'!$N:$N,0)),"") | E92: =IFERROR(INDEX('PROJETS 22-23'!$D:$D,MATCH($C92&"-"&E$1,'PROJETS 22-23'!$N:$N,0)),"") | F92: =IFERROR(INDEX('PROJETS 22-23'!$D:$D,MATCH($C92&"-"&F$1,'PROJETS 22-23'!$N:$N,0)),"")
A93: DECEMBRE | B93: Jeudi | C93: =C92+1 -> 44896 | D93: =IFERROR(INDEX('PROJETS 22-23'!$D:$D,MATCH($C93&"-"&D$1,'PROJETS 22-23'!$N:$N,0)),"") | E93: =IFERROR(INDEX('PROJETS 22-23'!$D:$D,MATCH($C93&"-"&E$1,'PROJETS 22-23'!$N:$N,0)),"") | F93: =IFERROR(INDEX('PROJETS 22-23'!$D:$D,MATCH($C93&"-"&F$1,'PROJETS 22-23'!$N:$N,0)),"")
B94: Vendredi | C94: =C93+1 -> 44897 | D94: =IFERROR(INDEX('PROJETS 22-23'!$D:$D,MATCH($C94&"-"&D$1,'PROJETS 22-23'!$N:$N,0)),"") -> projet 40 | E94: =IFERROR(INDEX('PROJETS 22-23'!$D:$D,MATCH($C94&"-"&E$1,'PROJETS 22-23'!$N:$N,0)),"") | F94: =IFERROR(INDEX('PROJETS 22-23'!$D:$D,MATCH($C94&"-"&F$1,'PROJETS 22-23'!$N:$N,0)),"")
B95: Samedi | C95: =C94+1 -> 44898 | D95: =IFERROR(INDEX('PROJETS 22-23'!$D:$D,MATCH($C95&"-"&D$1,'PROJETS 22-23'!$N:$N,0)),"") | E95: =IFERROR(INDEX('PROJETS 22-23'!$D:$D,MATCH($C95&"-"&E$1,'PROJETS 22-23'!$N:$N,0)),"") | F95: =IFERROR(INDEX('PROJETS 22-23'!$D:$D,MATCH($C95&"-"&F$1,'PROJETS 22-23'!$N:$N,0)),"")
B96: Dimanche | C96: =C95+1 -> 44899 | D96: =IFERROR(INDEX('PROJETS 22-23'!$D:$D,MATCH($C96&"-"&D$1,'PROJETS 22-23'!$N:$N,0)),"") -> projet 13 | E96: =IFERROR(INDEX('PROJETS 22-23'!$D:$D,MATCH($C96&"-"&E$1,'PROJETS 22-23'!$N:$N,0)),"") | F96: =IFERROR(INDEX('PROJETS 22-23'!$D:$D,MATCH($C96&"-"&F$1,'PROJETS 22-23'!$N:$N,0)),"")
B97: Lundi | C97: =C96+1 -> 44900 | D97: =IFERROR(INDEX('PROJETS 22-23'!$D:$D,MATCH($C97&"-"&D$1,'PROJETS 22-23'!$N:$N,0)),"") | E97: =IFERROR(INDEX('PROJETS 22-23'!$D:$D,MATCH($C97&"-"&E$1,'PROJETS 22-23'!$N:$N,0)),"") | F97: =IFERROR(INDEX('PROJETS 22-23'!$D:$D,MATCH($C97&"-"&F$1,'PROJETS 22-23'!$N:$N,0)),"")
B98: Mardi | C98: =C97+1 -> 44901 | D98: =IFERROR(INDEX('PROJETS 22-23'!$D:$D,MATCH($C98&"-"&D$1,'PROJETS 22-23'!$N:$N,0)),"") | E98: =IFERROR(INDEX('PROJETS 22-23'!$D:$D,MATCH($C98&"-"&E$1,'PROJETS 22-23'!$N:$N,0)),"") | F98: =IFERROR(INDEX('PROJETS 22-23'!$D:$D,MATCH($C98&"-"&F$1,'PROJETS 22-23'!$N:$N,0)),"")
B99: Mercredi | C99: =C98+1 -> 44902 | D99: =IFERROR(INDEX('PROJETS 22-23'!$D:$D,MATCH($C99&"-"&D$1,'PROJETS 22-23'!$N:$N,0)),"") | E99: =IFERROR(INDEX('PROJETS 22-23'!$D:$D,MATCH($C99&"-"&E$1,'PROJETS 22-23'!$N:$N,0)),"") | F99: =IFERROR(INDEX('PROJETS 22-23'!$D:$D,MATCH($C99&"-"&F$1,'PROJETS 22-23'!$N:$N,0)),"")
B100: Jeudi | C100: =C99+1 -> 44903 | D100: =IFERROR(INDEX('PROJETS 22-23'!$D:$D,MATCH($C100&"-"&D$1,'PROJETS 22-23'!$N:$N,0)),"") | E100: =IFERROR(INDEX('PROJETS 22-23'!$D:$D,MATCH($C100&"-"&E$1,'PROJETS 22-23'!$N:$N,0)),"") | F100: =IFERROR(INDEX('PROJETS 22-23'!$D:$D,MATCH($C100&"-"&F$1,'PROJETS 22-23'!$N:$N,0)),"")
B101: Vendredi | C101: =C100+1 -> 44904 | D101: =IFERROR(INDEX('PROJETS 22-23'!$D:$D,MATCH($C101&"-"&D$1,'PROJETS 22-23'!$N:$N,0)),"") | E101: =IFERROR(INDEX('PROJETS 22-23'!$D:$D,MATCH($C101&"-"&E$1,'PROJETS 22-23'!$N:$N,0)),"") | F101: =IFERROR(INDEX('PROJETS 22-23'!$D:$D,MATCH($C101&"-"&F$1,'PROJETS 22-23'!$N:$N,0)),"")
B102: Samedi | C102: =C101+1 -> 44905 | D102: =IFERROR(INDEX('PROJETS 22-23'!$D:$D,MATCH($C102&"-"&D$1,'PROJETS 22-23'!$N:$N,0)),"") | E102: =IFERROR(INDEX('PROJETS 22-23'!$D:$D,MATCH($C102&"-"&E$1,'PROJETS 22-23'!$N:$N,0)),"") | F102: =IFERROR(INDEX('PROJETS 22-23'!$D:$D,MATCH($C102&"-"&F$1,'PROJETS 22-23'!$N:$N,0)),"")
B103: Dimanche | C103: =C102+1 -> 44906 | D103: =IFERROR(INDEX('PROJETS 22-23'!$D:$D,MATCH($C103&"-"&D$1,'PROJETS 22-23'!$N:$N,0)),"") | E103: =IFERROR(INDEX('PROJETS 22-23'!$D:$D,MATCH($C103&"-"&E$1,'PROJETS 22-23'!$N:$N,0)),"") | F103: =IFERROR(INDEX('PROJETS 22-23'!$D:$D,MATCH($C103&"-"&F$1,'PROJETS 22-23'!$N:$N,0)),"")
B104: Lundi | C104: =C103+1 -> 44907 | D104: =IFERROR(INDEX('PROJETS 22-23'!$D:$D,MATCH($C104&"-"&D$1,'PROJETS 22-23'!$N:$N,0)),"") | E104: =IFERROR(INDEX('PROJETS 22-23'!$D:$D,MATCH($C104&"-"&E$1,'PROJETS 22-23'!$N:$N,0)),"") | F104: =IFERROR(INDEX('PROJETS 22-23'!$D:$D,MATCH($C104&"-"&F$1,'PROJETS 22-23'!$N:$N,0)),"")
B105: Mardi | C105: =C104+1 -> 44908 | D105: =IFERROR(INDEX('PROJETS 22-23'!$D:$D,MATCH($C105&"-"&D$1,'PROJETS 22-23'!$N:$N,0)),"") | E105: =IFERROR(INDEX('PROJETS 22-23'!$D:$D,MATCH($C105&"-"&E$1,'PROJETS 22-23'!$N:$N,0)),"") | F105: =IFERROR(INDEX('PROJETS 22-23'!$D:$D,MATCH($C105&"-"&F$1,'PROJETS 22-23'!$N:$N,0)),"")
... B123: Samedi | C123: =C122+1 -> 44926 | D123: =IFERROR(INDEX('PROJETS 22-23'!$D:$D,MATCH($C123&"-"&D$1,'PROJETS 22-23'!$N:$N,0)),"") | E123: =IFERROR(INDEX('PROJETS 22-23'!$D:$D,MATCH($C123&"-"&E$1,'PROJETS 22-23'!$N:$N,0)),"") | F123: =IFERROR(INDEX('PROJETS 22-23'!$D:$D,MATCH($C123&"-"&F$1,'PROJETS 22-23'!$N:$N,0)),"")
A124: JANVIER | B124: Dimanche | C124: =C123+1 -> 44927 | D124: =IFERROR(INDEX('PROJETS 22-23'!$D:$D,MATCH($C124&"-"&D$1,'PROJETS 22-23'!$N:$N,0)),"") -> projet 12 | E124: =IFERROR(INDEX('PROJETS 22-23'!$D:$D,MATCH($C124&"-"&E$1,'PROJETS 22-23'!$N:$N,0)),"") | F124: =IFERROR(INDEX('PROJETS 22-23'!$D:$D,MATCH($C124&"-"&F$1,'PROJETS 22-23'!$N:$N,0)),"")
B125: Lundi | C125: =C124+1 -> 44928 | D125: =IFERROR(INDEX('PROJETS 22-23'!$D:$D,MATCH($C125&"-"&D$1,'PROJETS 22-23'!$N:$N,0)),"") | E125: =IFERROR(INDEX('PROJETS 22-23'!$D:$D,MATCH($C125&"-"&E$1,'PROJETS 22-23'!$N:$N,0)),"") | F125: =IFERROR(INDEX('PROJETS 22-23'!$D:$D,MATCH($C125&"-"&F$1,'PROJETS 22-23'!$N:$N,0)),"")
B126: Mardi | C126: =C125+1 -> 44929 | D126: =IFERROR(INDEX('PROJETS 22-23'!$D:$D,MATCH($C126&"-"&D$1,'PROJETS 22-23'!$N:$N,0)),"") | E126: =IFERROR(INDEX('PROJETS 22-23'!$D:$D,MATCH($C126&"-"&E$1,'PROJETS 22-23'!$N:$N,0)),"") | F126: =IFERROR(INDEX('PROJETS 22-23'!$D:$D,MATCH($C126&"-"&F$1,'PROJETS 22-23'!$N:$N,0)),"")
B127: Mercredi | C127: =C126+1 -> 44930 | D127: =IFERROR(INDEX('PROJETS 22-23'!$D:$D,MATCH($C127&"-"&D$1,'PROJETS 22-23'!$N:$N,0)),"") | E127: =IFERROR(INDEX('PROJETS 22-23'!$D:$D,MATCH($C127&"-"&E$1,'PROJETS 22-23'!$N:$N,0)),"") | F127: =IFERROR(INDEX('PROJETS 22-23'!$D:$D,MATCH($C127&"-"&F$1,'PROJETS 22-23'!$N:$N,0)),"")
B128: Jeudi | C128: =C127+1 -> 44931 | D128: =IFERROR(INDEX('PROJETS 22-23'!$D:$D,MATCH($C128&"-"&D$1,'PROJETS 22-23'!$N:$N,0)),"") | E128: =IFERROR(INDEX('PROJETS 22-23'!$D:$D,MATCH($C128&"-"&E$1,'PROJETS 22-23'!$N:$N,0)),"") | F128: =IFERROR(INDEX('PROJETS 22-23'!$D:$D,MATCH($C128&"-"&F$1,'PROJETS 22-23'!$N:$N,0)),"")
B129: Vendredi | C129: =C128+1 -> 44932 | D129: =IFERROR(INDEX('PROJETS 22-23'!$D:$D,MATCH($C129&"-"&D$1,'PROJETS 22-23'!$N:$N,0)),"") | E129: =IFERROR(INDEX('PROJETS 22-23'!$D:$D,MATCH($C129&"-"&E$1,'PROJETS 22-23'!$N:$N,0)),"") | F129: =IFERROR(INDEX('PROJETS 22-23'!$D:$D,MATCH($C129&"-"&F$1,'PROJETS 22-23'!$N:$N,0)),"")
B130: Samedi | C130: =C129+1 -> 44933 | D130: =IFERROR(INDEX('PROJETS 22-23'!$D:$D,MATCH($C130&"-"&D$1,'PROJETS 22-23'!$N:$N,0)),"") | E130: =IFERROR(INDEX('PROJETS 22-23'!$D:$D,MATCH($C130&"-"&E$1,'PROJETS 22-23'!$N:$N,0)),"") | F130: =IFERROR(INDEX('PROJETS 22-23'!$D:$D,MATCH($C130&"-"&F$1,'PROJETS 22-23'!$N:$N,0)),"")
B131: Dimanche | C131: =C130+1 -> 44934 | D131: =IFERROR(INDEX('PROJETS 22-23'!$D:$D,MATCH($C131&"-"&D$1,'PROJETS 22-23'!$N:$N,0)),"") | E131: =IFERROR(INDEX('PROJETS 22-23'!$D:$D,MATCH($C131&"-"&E$1,'PROJETS 22-23'!$N:$N,0)),"") | F131: =IFERROR(INDEX('PROJETS 22-23'!$D:$D,MATCH($C131&"-"&F$1,'PROJETS 22-23'!$N:$N,0)),"")
B132: Lundi | C132: =C131+1 -> 44935 | D132: =IFERROR(INDEX('PROJETS 22-23'!$D:$D,MATCH($C132&"-"&D$1,'PROJETS 22-23'!$N:$N,0)),"") | E132: =IFERROR(INDEX('PROJETS 22-23'!$D:$D,MATCH($C132&"-"&E$1,'PROJETS 22-23'!$N:$N,0)),"") | F132: =IFERROR(INDEX('PROJETS 22-23'!$D:$D,MATCH($C132&"-"&F$1,'PROJETS 22-23'!$N:$N,0)),"")
B133: Mardi | C133: =C132+1 -> 44936 | D133: =IFERROR(INDEX('PROJETS 22-23'!$D:$D,MATCH($C133&"-"&D$1,'PROJETS 22-23'!$N:$N,0)),"") | E133: =IFERROR(INDEX('PROJETS 22-23'!$D:$D,MATCH($C133&"-"&E$1,'PROJETS 22-23'!$N:$N,0)),"") | F133: =IFERROR(INDEX('PROJETS 22-23'!$D:$D,MATCH($C133&"-"&F$1,'PROJETS 22-23'!$N:$N,0)),"")
B134: Mercredi | C134: =C133+1 -> 44937 | D134: =IFERROR(INDEX('PROJETS 22-23'!$D:$D,MATCH($C134&"-"&D$1,'PROJETS 22-23'!$N:$N,0)),"") | E134: =IFERROR(INDEX('PROJETS 22-23'!$D:$D,MATCH($C134&"-"&E$1,'PROJETS 22-23'!$N:$N,0)),"") | F134: =IFERROR(INDEX('PROJETS 22-23'!$D:$D,MATCH($C134&"-"&F$1,'PROJETS 22-23'!$N:$N,0)),"")
B135: Jeudi | C135: =C134+1 -> 44938 | D135: =IFERROR(INDEX('PROJETS 22-23'!$D:$D,MATCH($C135&"-"&D$1,'PROJETS 22-23'!$N:$N,0)),"") | E135: =IFERROR(INDEX('PROJETS 22-23'!$D:$D,MATCH($C135&"-"&E$1,'PROJETS 22-23'!$N:$N,0)),"") | F135: =IFERROR(INDEX('PROJETS 22-23'!$D:$D,MATCH($C135&"-"&F$1,'PROJETS 22-23'!$N:$N,0)),"")
B136: Vendredi | C136: =C135+1 -> 44939 | D136: =IFERROR(INDEX('PROJETS 22-23'!$D:$D,MATCH($C136&"-"&D$1,'PROJETS 22-23'!$N:$N,0)),"") | E136: =IFERROR(INDEX('PROJETS 22-23'!$D:$D,MATCH($C136&"-"&E$1,'PROJETS 22-23'!$N:$N,0)),"") | F136: =IFERROR(INDEX('PROJETS 22-23'!$D:$D,MATCH($C136&"-"&F$1,'PROJETS 22-23'!$N:$N,0)),"")
... B154: Mardi | C154: =C153+1 -> 44957 | D154: =IFERROR(INDEX('PROJETS 22-23'!$D:$D,MATCH($C154&"-"&D$1,'PROJETS 22-23'!$N:$N,0)),"") -> projet 38 | E154: =IFERROR(INDEX('PROJETS 22-23'!$D:$D,MATCH($C154&"-"&E$1,'PROJETS 22-23'!$N:$N,0)),"") | F154: =IFERROR(INDEX('PROJETS 22-23'!$D:$D,MATCH($C154&"-"&F$1,'PROJETS 22-23'!$N:$N,0)),"")
A155: FEVRIER | B155: Mercredi | C155: =C154+1 -> 44958 | D155: =IFERROR(INDEX('PROJETS 22-23'!$D:$D,MATCH($C155&"-"&D$1,'PROJETS 22-23'!$N:$N,0)),"") | E155: =IFERROR(INDEX('PROJETS 22-23'!$D:$D,MATCH($C155&"-"&E$1,'PROJETS 22-23'!$N:$N,0)),"") | F155: =IFERROR(INDEX('PROJETS 22-23'!$D:$D,MATCH($C155&"-"&F$1,'PROJETS 22-23'!$N:$N,0)),"")
B156: Jeudi | C156: =C155+1 -> 44959 | D156: =IFERROR(INDEX('PROJETS 22-23'!$D:$D,MATCH($C156&"-"&D$1,'PROJETS 22-23'!$N:$N,0)),"") -> projet 17 | E156: =IFERROR(INDEX('PROJETS 22-23'!$D:$D,MATCH($C156&"-"&E$1,'PROJETS 22-23'!$N:$N,0)),"") | F156: =IFERROR(INDEX('PROJETS 22-23'!$D:$D,MATCH($C156&"-"&F$1,'PROJETS 22-23'!$N:$N,0)),"")
B157: Vendredi | C157: =C156+1 -> 44960 | D157: =IFERROR(INDEX('PROJETS 22-23'!$D:$D,MATCH($C157&"-"&D$1,'PROJETS 22-23'!$N:$N,0)),"") | E157: =IFERROR(INDEX('PROJETS 22-23'!$D:$D,MATCH($C157&"-"&E$1,'PROJETS 22-23'!$N:$N,0)),"") | F157: =IFERROR(INDEX('PROJETS 22-23'!$D:$D,MATCH($C157&"-"&F$1,'PROJETS 22-23'!$N:$N,0)),"")
B158: Samedi | C158: =C157+1 -> 44961 | D158: =IFERROR(INDEX('PROJETS 22-23'!$D:$D,MATCH($C158&"-"&D$1,'PROJETS 22-23'!$N:$N,0)),"") -> projet 45 | E158: =IFERROR(INDEX('PROJETS 22-23'!$D:$D,MATCH($C158&"-"&E$1,'PROJETS 22-23'!$N:$N,0)),"") | F158: =IFERROR(INDEX('PROJETS 22-23'!$D:$D,MATCH($C158&"-"&F$1,'PROJETS 22-23'!$N:$N,0)),"")
B159: Dimanche | C159: =C158+1 -> 44962 | D159: =IFERROR(INDEX('PROJETS 22-23'!$D:$D,MATCH($C159&"-"&D$1,'PROJETS 22-23'!$N:$N,0)),"") | E159: =IFERROR(INDEX('PROJETS 22-23'!$D:$D,MATCH($C159&"-"&E$1,'PROJETS 22-23'!$N:$N,0)),"") | F159: =IFERROR(INDEX('PROJETS 22-23'!$D:$D,MATCH($C159&"-"&F$1,'PROJETS 22-23'!$N:$N,0)),"")
B160: Lundi | C160: =C159+1 -> 44963 | D160: =IFERROR(INDEX('PROJETS 22-23'!$D:$D,MATCH($C160&"-"&D$1,'PROJETS 22-23'!$N:$N,0)),"") | E160: =IFERROR(INDEX('PROJETS 22-23'!$D:$D,MATCH($C160&"-"&E$1,'PROJETS 22-23'!$N:$N,0)),"") | F160: =IFERROR(INDEX('PROJETS 22-23'!$D:$D,MATCH($C160&"-"&F$1,'PROJETS 22-23'!$N:$N,0)),"")
B161: Mardi | C161: =C160+1 -> 44964 | D161: =IFERROR(INDEX('PROJETS 22-23'!$D:$D,MATCH($C161&"-"&D$1,'PROJETS 22-23'!$N:$N,0)),"") | E161: =IFERROR(INDEX('PROJETS 22-23'!$D:$D,MATCH($C161&"-"&E$1,'PROJETS 22-23'!$N:$N,0)),"") | F161: =IFERROR(INDEX('PROJETS 22-23'!$D:$D,MATCH($C161&"-"&F$1,'PROJETS 22-23'!$N:$N,0)),"")
B162: Mercredi | C162: =C161+1 -> 44965 | D162: =IFERROR(INDEX('PROJETS 22-23'!$D:$D,MATCH($C162&"-"&D$1,'PROJETS 22-23'!$N:$N,0)),"") | E162: =IFERROR(INDEX('PROJETS 22-23'!$D:$D,MATCH($C162&"-"&E$1,'PROJETS 22-23'!$N:$N,0)),"") | F162: =IFERROR(INDEX('PROJETS 22-23'!$D:$D,MATCH($C162&"-"&F$1,'PROJETS 22-23'!$N:$N,0)),"")
B163: Jeudi | C163: =C162+1 -> 44966 | D163: =IFERROR(INDEX('PROJETS 22-23'!$D:$D,MATCH($C163&"-"&D$1,'PROJETS 22-23'!$N:$N,0)),"") -> projet 47 | E163: =IFERROR(INDEX('PROJETS 22-23'!$D:$D,MATCH($C163&"-"&E$1,'PROJETS 22-23'!$N:$N,0)),"") | F163: =IFERROR(INDEX('PROJETS 22-23'!$D:$D,MATCH($C163&"-"&F$1,'PROJETS 22-23'!$N:$N,0)),"")
B164: Vendredi | C164: =C163+1 -> 44967 | D164: =IFERROR(INDEX('PROJETS 22-23'!$D:$D,MATCH($C164&"-"&D$1,'PROJETS 22-23'!$N:$N,0)),"") | E164: =IFERROR(INDEX('PROJETS 22-23'!$D:$D,MATCH($C164&"-"&E$1,'PROJETS 22-23'!$N:$N,0)),"") | F164: =IFERROR(INDEX('PROJETS 22-23'!$D:$D,MATCH($C164&"-"&F$1,'PROJETS 22-23'!$N:$N,0)),"")
B165: Samedi | C165: =C164+1 -> 44968 | D165: =IFERROR(INDEX('PROJETS 22-23'!$D:$D,MATCH($C165&"-"&D$1,'PROJETS 22-23'!$N:$N,0)),"") | E165: =IFERROR(INDEX('PROJETS 22-23'!$D:$D,MATCH($C165&"-"&E$1,'PROJETS 22-23'!$N:$N,0)),"") | F165: =IFERROR(INDEX('PROJETS 22-23'!$D:$D,MATCH($C165&"-"&F$1,'PROJETS 22-23'!$N:$N,0)),"")
B166: Dimanche | C166: =C165+1 -> 44969 | D166: =IFERROR(INDEX('PROJETS 22-23'!$D:$D,MATCH($C166&"-"&D$1,'PROJETS 22-23'!$N:$N,0)),"") | E166: =IFERROR(INDEX('PROJETS 22-23'!$D:$D,MATCH($C166&"-"&E$1,'PROJETS 22-23'!$N:$N,0)),"") | F166: =IFERROR(INDEX('PROJETS 22-23'!$D:$D,MATCH($C166&"-"&F$1,'PROJETS 22-23'!$N:$N,0)),"")
B167: Lundi | C167: =C166+1 -> 44970 | D167: =IFERROR(INDEX('PROJETS 22-23'!$D:$D,MATCH($C167&"-"&D$1,'PROJETS 22-23'!$N:$N,0)),"") | E167: =IFERROR(INDEX('PROJETS 22-23'!$D:$D,MATCH($C167&"-"&E$1,'PROJETS 22-23'!$N:$N,0)),"") | F167: =IFERROR(INDEX('PROJETS 22-23'!$D:$D,MATCH($C167&"-"&F$1,'PROJETS 22-23'!$N:$N,0)),"")
... B182: Mardi | C182: =C181+1 -> 44985 | D182: =IFERROR(INDEX('PROJETS 22-23'!$D:$D,MATCH($C182&"-"&D$1,'PROJETS 22-23'!$N:$N,0)),"") | E182: =IFERROR(INDEX('PROJETS 22-23'!$D:$D,MATCH($C182&"-"&E$1,'PROJETS 22-23'!$N:$N,0)),"") | F182: =IFERROR(INDEX('PROJETS 22-23'!$D:$D,MATCH($C182&"-"&F$1,'PROJETS 22-23'!$N:$N,0)),"")
A183: MARS | B183: Mercredi | C183: =C182+1 -> 44986 | D183: =IFERROR(INDEX('PROJETS 22-23'!$D:$D,MATCH($C183&"-"&D$1,'PROJETS 22-23'!$N:$N,0)),"") | E183: =IFERROR(INDEX('PROJETS 22-23'!$D:$D,MATCH($C183&"-"&E$1,'PROJETS 22-23'!$N:$N,0)),"") | F183: =IFERROR(INDEX('PROJETS 22-23'!$D:$D,MATCH($C183&"-"&F$1,'PROJETS 22-23'!$N:$N,0)),"")
B184: Jeudi | C184: =C183+1 -> 44987 | D184: =IFERROR(INDEX('PROJETS 22-23'!$D:$D,MATCH($C184&"-"&D$1,'PROJETS 22-23'!$N:$N,0)),"") | E184: =IFERROR(INDEX('PROJETS 22-23'!$D:$D,MATCH($C184&"-"&E$1,'PROJETS 22-23'!$N:$N,0)),"") | F184: =IFERROR(INDEX('PROJETS 22-23'!$D:$D,MATCH($C184&"-"&F$1,'PROJETS 22-23'!$N:$N,0)),"")
B185: Vendredi | C185: =C184+1 -> 44988 | D185: =IFERROR(INDEX('PROJETS 22-23'!$D:$D,MATCH($C185&"-"&D$1,'PROJETS 22-23'!$N:$N,0)),"") | E185: =IFERROR(INDEX('PROJETS 22-23'!$D:$D,MATCH($C185&"-"&E$1,'PROJETS 22-23'!$N:$N,0)),"") | F185: =IFERROR(INDEX('PROJETS 22-23'!$D:$D,MATCH($C185&"-"&F$1,'PROJETS 22-23'!$N:$N,0)),"")
B186: Samedi | C186: =C185+1 -> 44989 | D186: =IFERROR(INDEX('PROJETS 22-23'!$D:$D,MATCH($C186&"-"&D$1,'PROJETS 22-23'!$N:$N,0)),"") | E186: =IFERROR(INDEX('PROJETS 22-23'!$D:$D,MATCH($C186&"-"&E$1,'PROJETS 22-23'!$N:$N,0)),"") | F186: =IFERROR(INDEX('PROJETS 22-23'!$D:$D,MATCH($C186&"-"&F$1,'PROJETS 22-23'!$N:$N,0)),"")
B187: Dimanche | C187: =C186+1 -> 44990 | D187: =IFERROR(INDEX('PROJETS 22-23'!$D:$D,MATCH($C187&"-"&D$1,'PROJETS 22-23'!$N:$N,0)),"") | E187: =IFERROR(INDEX('PROJETS 22-23'!$D:$D,MATCH($C187&"-"&E$1,'PROJETS 22-23'!$N:$N,0)),"") | F187: =IFERROR(INDEX('PROJETS 22-23'!$D:$D,MATCH($C187&"-"&F$1,'PROJETS 22-23'!$N:$N,0)),"")
B188: Lundi | C188: =C187+1 -> 44991 | D188: =IFERROR(INDEX('PROJETS 22-23'!$D:$D,MATCH($C188&"-"&D$1,'PROJETS 22-23'!$N:$N,0)),"") | E188: =IFERROR(INDEX('PROJETS 22-23'!$D:$D,MATCH($C188&"-"&E$1,'PROJETS 22-23'!$N:$N,0)),"") | F188: =IFERROR(INDEX('PROJETS 22-23'!$D:$D,MATCH($C188&"-"&F$1,'PROJETS 22-23'!$N:$N,0)),"")
B189: Mardi | C189: =C188+1 -> 44992 | D189: =IFERROR(INDEX('PROJETS 22-23'!$D:$D,MATCH($C189&"-"&D$1,'PROJETS 22-23'!$N:$N,0)),"") | E189: =IFERROR(INDEX('PROJETS 22-23'!$D:$D,MATCH($C189&"-"&E$1,'PROJETS 22-23'!$N:$N,0)),"") | F189: =IFERROR(INDEX('PROJETS 22-23'!$D:$D,MATCH($C189&"-"&F$1,'PROJETS 22-23'!$N:$N,0)),"")
B190: Mercredi | C190: =C189+1 -> 44993 | D190: =IFERROR(INDEX('PROJETS 22-23'!$D:$D,MATCH($C190&"-"&D$1,'PROJETS 22-23'!$N:$N,0)),"") | E190: =IFERROR(INDEX('PROJETS 22-23'!$D:$D,MATCH($C190&"-"&E$1,'PROJETS 22-23'!$N:$N,0)),"") | F190: =IFERROR(INDEX('PROJETS 22-23'!$D:$D,MATCH($C190&"-"&F$1,'PROJETS 22-23'!$N:$N,0)),"")
B191: Jeudi | C191: =C190+1 -> 44994 | D191: =IFERROR(INDEX('PROJETS 22-23'!$D:$D,MATCH($C191&"-"&D$1,'PROJETS 22-23'!$N:$N,0)),"") -> projet 1 | E191: =IFERROR(INDEX('PROJETS 22-23'!$D:$D,MATCH($C191&"-"&E$1,'PROJETS 22-23'!$N:$N,0)),"") | F191: =IFERROR(INDEX('PROJETS 22-23'!$D:$D,MATCH($C191&"-"&F$1,'PROJETS 22-23'!$N:$N,0)),"")
B192: Vendredi | C192: =C191+1 -> 44995 | D192: =IFERROR(INDEX('PROJETS 22-23'!$D:$D,MATCH($C192&"-"&D$1,'PROJETS 22-23'!$N:$N,0)),"") | E192: =IFERROR(INDEX('PROJETS 22-23'!$D:$D,MATCH($C192&"-"&E$1,'PROJETS 22-23'!$N:$N,0)),"") | F192: =IFERROR(INDEX('PROJETS 22-23'!$D:$D,MATCH($C192&"-"&F$1,'PROJETS 22-23'!$N:$N,0)),"")
B193: Samedi | C193: =C192+1 -> 44996 | D193: =IFERROR(INDEX('PROJETS 22-23'!$D:$D,MATCH($C193&"-"&D$1,'PROJETS 22-23'!$N:$N,0)),"") | E193: =IFERROR(INDEX('PROJETS 22-23'!$D:$D,MATCH($C193&"-"&E$1,'PROJETS 22-23'!$N:$N,0)),"") | F193: =IFERROR(INDEX('PROJETS 22-23'!$D:$D,MATCH($C193&"-"&F$1,'PROJETS 22-23'!$N:$N,0)),"")
B194: Dimanche | C194: =C193+1 -> 44997 | D194: =IFERROR(INDEX('PROJETS 22-23'!$D:$D,MATCH($C194&"-"&D$1,'PROJETS 22-23'!$N:$N,0)),"") | E194: =IFERROR(INDEX('PROJETS 22-23'!$D:$D,MATCH($C194&"-"&E$1,'PROJETS 22-23'!$N:$N,0)),"") | F194: =IFERROR(INDEX('PROJETS 22-23'!$D:$D,MATCH($C194&"-"&F$1,'PROJETS 22-23'!$N:$N,0)),"")
B195: Lundi | C195: =C194+1 -> 44998 | D195: =IFERROR(INDEX('PROJETS 22-23'!$D:$D,MATCH($C195&"-"&D$1,'PROJETS 22-23'!$N:$N,0)),"") | E195: =IFERROR(INDEX('PROJETS 22-23'!$D:$D,MATCH($C195&"-"&E$1,'PROJETS 22-23'!$N:$N,0)),"") | F195: =IFERROR(INDEX('PROJETS 22-23'!$D:$D,MATCH($C195&"-"&F$1,'PROJETS 22-23'!$N:$N,0)),"")
... B213: Vendredi | C213: =C212+1 -> 45016 | D213: =IFERROR(INDEX('PROJETS 22-23'!$D:$D,MATCH($C213&"-"&D$1,'PROJETS 22-23'!$N:$N,0)),"") | E213: =IFERROR(INDEX('PROJETS 22-23'!$D:$D,MATCH($C213&"-"&E$1,'PROJETS 22-23'!$N:$N,0)),"") | F213: =IFERROR(INDEX('PROJETS 22-23'!$D:$D,MATCH($C213&"-"&F$1,'PROJETS 22-23'!$N:$N,0)),"")
A214: AVRIL | B214: Samedi | C214: =C213+1 -> 45017 | D214: =IFERROR(INDEX('PROJETS 22-23'!$D:$D,MATCH($C214&"-"&D$1,'PROJETS 22-23'!$N:$N,0)),"") | E214: =IFERROR(INDEX('PROJETS 22-23'!$D:$D,MATCH($C214&"-"&E$1,'PROJETS 22-23'!$N:$N,0)),"") | F214: =IFERROR(INDEX('PROJETS 22-23'!$D:$D,MATCH($C214&"-"&F$1,'PROJETS 22-23'!$N:$N,0)),"")
...
